 Dungeon Crawl Stone Soup version 0.31-a0-819-gf6de2f5ab6 (webtiles) character file.

Game seed: 7885054403286493334

2060 Bravepunisher the Nimble (level 9, -1/46 (48) HPs)
             Began as a Spriggan Monk on Sept 23, 2023.
             Was a High Priest of Makhleb.
             Slain by a wight
             ... wielding a +0 spear
              (8 damage)
             ... on level 7 of the Dungeon.
             The game lasted 00:18:45 (5986 turns).

Bravepunisher the Nimble (Spriggan Monk)            Turns: 5986, Time: 00:18:47

HP:   -1/46 (48)    AC:  3    Str:  7    XL:     9   Next: 5%
MP:   16/16         EV: 25    Int: 11    God:    Makhleb [*****.]
Gold: 338           SH:  0    Dex: 22    Spells: 8/8 levels left

rFire   . . .        r - +2 dagger (drain)
rCold   . . .        (no shield)
rNeg    . . .        b - +0 robe
rPois   .            (helmet restricted)
rElec   .            z - +0 cloak
rCorr   .            (gloves unavailable)
SInv    +            (boots unavailable)
Will    +....        (no amulet)
Stlth   ++           (no ring)
HPRegen 0.27/turn    (no ring)
MPRegen 0.15/turn

%: no passive effects
@: lightly drained, very quick
A: very small, no large weapons, unfitting armour, see invisible, speed 3
a: Renounce Religion, Minor Destruction, Lesser Servant of Makhleb, Major
Destruction, Greater Servant of Makhleb


You were on level 7 of the Dungeon.
You worshipped Makhleb.
Makhleb was extremely pleased with you.
You visited 2 branches of the dungeon, and saw 8 of its levels.
You also visited: Ossuary.

You collected 338 gold pieces.

Inventory:

Hand Weapons
 r - a +2 dagger of draining (weapon)
Missiles
 q - 2 throwing nets
Armour
 b - a +0 robe (worn)
 z - a +0 cloak (worn)
Jewellery
 d - a ring of positive energy
 B - a ring of willpower
 D - a ring of ice
Wands
 E - a wand of digging (7)
Scrolls
 a - 2 scrolls of silence {unknown}
 e - 3 scrolls of amnesia {unknown}
 f - 3 scrolls of teleportation {unknown}
 h - 6 scrolls of identify {unknown}
 l - a scroll of torment {unknown}
 m - a scroll of poison {unknown}
 n - 2 scrolls of revelation {unknown}
 p - 3 scrolls of enchant armour {unknown}
 u - a scroll of summoning {unknown}
 x - 2 scrolls of enchant weapon {unknown}
 y - a scroll of vulnerability {unknown}
 A - a scroll of noise {unknown}
 F - a scroll of immolation {unknown}
Potions
 c - a potion of ambrosia
 g - 2 potions of mutation {unknown}
 i - 4 potions of degeneration {unknown}
 j - 4 potions of attraction {unknown}
 k - 3 potions of curing {unknown}
 o - 2 potions of invisibility {unknown}
 s - 5 potions of heal wounds {unknown}
 t - 2 potions of haste {unknown}
 v - a potion of lignification {unknown}
 w - a potion of might {unknown}
 C - a potion of cancellation {unknown}


   Skills:
 + Level 5.7 Fighting
 - Level 3.2 Short Blades
 + Level 8.8 Dodging
 * Level 8.1 Invocations


You had 8 spell levels left.
You didn't know any spells.
Your spell library contained the following spells:

 Spells                   Type           Power      Damage    Failure   Level
 Apportation              Tloc           0%         N/A       34%         1
 Magic Dart               Conj           0%         1d3       34%         1
 Necrotise                Necr           0%         1d4       34%         1
 Summon Small Mammal      Summ           0%         N/A       34%         1
 Call Imp                 Summ           0%         N/A       47%         2
 Cigotuvi's Dreadful Rot  Necr/Pois/Air  0%         N/A       47%         2
 Jinxbite                 Hex            0%         N/A       47%         2
 Ignite Poison            Fire/Tmut/Pois 0%         N/A       71%         3
 Inner Flame              Hex/Fire       0%         N/A       71%         3
 Mephitic Cloud           Conj/Pois/Air  0%         N/A       71%         3
 Tukima's Dance           Hex            0%         N/A       71%         3
 Flame Wave               Conj/Fire      0%         2d4       98%         4
 Passage of Golubria      Tloc           0%         N/A       98%         4
 Sticky Flame             Conj/Fire      0%         2d3       98%         4
 Alistair's Intoxication  Tmut/Pois      0%         N/A       100%        5
 Freezing Cloud           Conj/Ice/Air   0%         6-21      100%        5
 Yara's Violent Unravell  Hex/Tmut       0%         3d3       100%        5
 Malign Gateway           Summ/Tloc      0%         N/A       100%        7
 Summon Horrible Things   Summ           0%         N/A       100%        8


Dungeon Overview and Level Annotations

Branches:
Dungeon (7/15)             Temple (1/1) D:4         Ossuary (visited)

Altars:
Ashenzari
Cheibriados
Dithmenos
Elyvilon
Fedhas
Gozag
Hepliaklqana
Kikubaaqudgha
Makhleb
Nemelex Xobeh
Okawaru
Qazlal
Ru
Sif Muna
Trog
Uskayaw
Vehumet
Wu Jian
Xom
Yredelemnul
Zin
The Shining One


Innate Abilities, Weirdness & Mutations

You are very small and have problems with some larger weapons.
You are too small for most types of armour.
You have supernaturally acute eyesight. (SInv)
You cover ground extremely quickly. (Speed+++)


Message History

Aim: a centaur, wielding a +0 orcbow (severely wounded, covered in acid, lightly drained)
The puff of flame hits the gnoll.
The gnoll is moderately wounded.
The centaur shoots an arrow.
The arrow misses you. The wight closely misses you.
The gnoll closely misses you.
A demon appears!
The wight completely misses you.
The centaur shoots an arrow.
The arrow completely misses you. The wight misses you. The gnoll misses you.
Unknown command.
You barely miss the centaur.
The centaur is severely wounded.
The centaur unwields a +0 orcbow.
The centaur closely misses you. The centaur completely misses you.
You hit the centaur.
The centaur is almost dead.
The centaur misses you. x2
The wight hits you with a +4 dagger of freezing.
The wight freezes you. The wight barely misses you.
The gnoll closely misses you.
Your smoke demon barely misses the wight.
Your smoke demon hits the wight but does no damage. x2
The wight hits you from afar with a +0 spear.
You feel drained.
* * * LOW HITPOINT WARNING * * *
The centaur closely misses you. The centaur completely misses you.
The wight attacks as it pursues you!
The wight hits you with a +4 dagger of freezing.
* * * LOW HITPOINT WARNING * * *
The wight freezes you.
* * * LOW HITPOINT WARNING * * *
The wight completely misses you.
Your smoke demon hits the wight. x2
Your smoke demon barely misses the wight.
The wight completely misses you. The centaur hits you.
* * * LOW HITPOINT WARNING * * *
The centaur barely misses you.
The centaur wields a +0 orcbow.
The centaur shoots an arrow.
The arrow closely misses you. The wight misses you.
Your smoke demon closely misses the wight.
Your smoke demon hits the wight. x2
The wight hits you from afar with a +0 spear!
You die...

######### #.......#
### #zcg....# ....
#.zz3...#.......
#.......#.......
#@......#.......
###.......'....... #
...........#...... #.
###.......#.........#
.....#+#...#.#+#+#.#
....♣# #♣...#.#.#.#+#
..[.# ##.#?#.#.#...
.... +..#.#.#.... ##
##.#.#.#.#...


You could see a centaur (corroded, drained), 3 wights, a gnoll and a friendly
smoke demon (summoned).

Vanquished Creatures
  A black bear (D:6)
  An ice beast (D:6)
  An ogre (D:5)
  A phantom (D:4)
  2 bullfrogs (D:6)
  A gnoll sergeant (D:7)
  A kobold brigand (D:4)
  8 scorpions
  A wight (D:7)
  A centaur zombie (Ossuary)
  2 human zombies (Ossuary)
  A jelly (D:6)
  3 hounds
  A gnoll bouda (D:7)
  3 iguanas
  5 scorpion zombies (Ossuary)
  3 orc wizards
  3 mummies (Ossuary)
  13 gnolls
  9 adders
  A shadow imp (D:6)
  2 white imps
  2 ufetubi
  4 dart slugs
  18 orcs
  4 bats
  6 endoplasms
  3 giant cockroaches
  5 gnoll zombies (Ossuary)
  6 goblins
  9 hobgoblins
  3 jackals (D:2)
  10 kobolds
  4 quokkas
  4 ball pythons
  6 frilled lizards
  3 hobgoblin zombies (Ossuary)
  3 kobold zombies (Ossuary)
  2 orc zombies (Ossuary)
  9 rats
165 creatures vanquished.

Notes
Turn   | Place    | Note
-------+----------+-------------------------------------------
     0 | D:1      | Bravepunisher the Spriggan Monk began the quest for the
                  | Orb.
     0 | D:1      | Reached XP level 1. HP: 11/11 MP: 2/2
    26 | D:3      | Noticed an orc wizard
   119 | D:2      | Reached XP level 2. HP: 16/16 MP: 3/3
   302 | D:2      | You fall into a shaft and drop 1 floor!
   310 | D:4      | Noticed a phantom
   329 | D:4      | Found a staircase to the Ecumenical Temple.
   338 | Temple   | Entered the Ecumenical Temple
   361 | Temple   | Became a worshipper of Makhleb the Destroyer
   361 | Temple   | Reached * piety under Makhleb
   361 | Temple   | Reached ** piety under Makhleb
   540 | D:1      | Reached XP level 3. HP: 16/20 MP: 4/4
   638 | D:1      | Reached skill level 1 in Invocations
  1273 | D:2      | Found a faded altar of an unknown god.
  1290 | D:2      | Reached skill level 5 in Dodging
  1290 | D:2      | Reached XP level 4. HP: 23/24 MP: 6/6
  1661 | D:3      | Reached *** piety under Makhleb
  1831 | D:3      | Reached XP level 5. HP: 23/28 MP: 7/7
  2508 | D:4      | Reached XP level 6. HP: 20/33 MP: 9/9
  2740 | D:4      | Found an opulent altar of Gozag.
  2740 | D:4      | Found a hide-covered altar of Uskayaw.
  2740 | D:4      | Found a sacrificial altar of Ru.
  3180 | D:5      | Entered Level 5 of the Dungeon
  3184 | D:5      | Reached **** piety under Makhleb
  3410 | D:5      | Found a snail-covered altar of Cheibriados.
  3507 | D:5      | Reached XP level 7. HP: 37/37 MP: 11/11
  3552 | D:5      | Found a sand-covered staircase.
  3556 | Ossuary  | Entered an ossuary
  3596 | Ossuary  | Reached skill level 5 in Invocations
  3997 | Ossuary  | Reached XP level 8. HP: 41/42 MP: 13/13
  4228 | D:5      | Reached skill level 5 in Fighting
  4564 | D:5      | Found a hazy altar of Hepliaklqana.
  4566 | D:5      | Found a shadowy altar of Dithmenos.
  4917 | D:6      | Reached ***** piety under Makhleb
  5003 | D:6      | Found a bloodstained altar of Trog.
  5003 | D:6      | Found an iron altar of Okawaru.
  5762 | D:7      | Reached XP level 9. HP: 33/48 MP: 14/16
  5986 | D:7      | Slain by a wight

Illustrated notes

Levels and vault maps discovered:
D:1:      spicycebolla_arrival_risky_transporter, layout_rooms
D:2:      layout_basic, basic_ecumenical_altar, hangedman_decor_slide_cut
D:3:      layout_rooms, serial_rivers, chequers_serial_rivers_micro_a,
          chequers_serial_rivers_micro_b, chequers_serial_rivers_large_a,
          chequers_serial_rivers_room_b, chequers_serial_rivers_micro_d,
          chequers_serial_rivers_room_a
D:4:      layout_basic, gammafunk_temple_overflow_forgotten,
          minmay_temple_entry_slanted, kennysheep_generic_room_15
D:5:      layout_loops_ring, mainiacjoe_overflow_surrounded_room,
          riverfiend_overflow_shadow_ancestor, nicolae_ossuary_entry_plus
D:6:      layout_cave_pods, chequers_temple_overflow_statue_of_worship
D:7:      layout_basic, serial_shops, nicolae_shop_real_fake_doors
Temple:   nicolae_temple_superstar

Skill      XL: |  1  2  3  4  5  6  7  8 |
---------------+-------------------------+-----
Fighting       | 3 4 5 |  5.7
Invocations    | 1 2 3 4 6 8 |  8.1
Dodging        | 5 6 7 8 |  8.8
Short Blades   | |  3.2

Action                     |  1- 3 |  4- 6 |  7- 9 || total
---------------------------+-------+-------+-------++-------
  Melee: Short sword       |    38 |    25 |       ||    63
         Punch             |     1 |     2 |     1 ||     4
         Dagger            |       |    40 |    46 ||    86
 Invoke: Minor Destruction |    60 |   109 |   202 ||   371
         Lesser Servant of |       |       |     1 ||     1
   Stab: Sleeping          |     1 |       |     1 ||     2
 Armour: Robe              |    10 |    22 |    38 ||    70
  Dodge: Dodged            |    35 |    63 |   129 ||   227

Table legend: (Time is in decaauts)
 A = Elapsed time spent in this place.
 B = Non-inter-level travel time spent in this place.
 C = Inter-level travel time spent in this place.
 D = Time resting spent in this place.
 E = Time spent auto-exploring this place.
 F = Levels seen in this place.
 G = Mean time per level.
                   A        B        C        D        E       F      G
               +--------+--------+--------+--------+--------+-----+--------+
         Total |   4301 |   4143 |    158 |    254 |   2838 |   9 |  477.9 |
       Dungeon |   3743 |   3611 |    132 |    169 |   2658 |   7 |  534.7 |
        Temple |     29 |      3 |     26 |      0 |      0 |   1 |   29.0 |
       Ossuary |    529 |    529 |      0 |     85 |    180 |   1 |  529.0 |
               +--------+--------+--------+--------+--------+-----+--------+

Top non-repeatable levels by time:
     D:5: 756 daAuts
     D:2: 680 daAuts
     D:4: 654 daAuts
 Ossuary: 529 daAuts
     D:6: 524 daAuts
     D:3: 510 daAuts
     D:1: 347 daAuts
     D:7: 270 daAuts
  Temple: 29 daAuts
